 Dungeon Crawl Stone Soup version 0.19.1-1-g22dce08 (webtiles) character file.

33 Jynx the Firebug (level 3, -1/19 HPs)
             Began as a Deep Elf Fire Elementalist on Jan 8, 2017.
             Slain by a goblin (6 damage)
             ... led by Robin
             ... on level 2 of the Dungeon.
             The game lasted 00:01:38 (1047 turns).

Jynx the Firebug (Deep Elf Fire Elementalist)       Turns: 1047, Time: 00:01:39

Health: -1/19      AC:  3    Str:  5    XL:     3   Next: 12%
Magic:  7/10       EV: 13    Int: 20    God:
Gold:   30         SH:  0    Dex: 15    Spells: 2 memorised, 5 levels left

rFire  . . .     SeeInvis .     (no weapon)
rCold  . . .     Gourm    .     a - +1 robe
rNeg   . . .     Faith    .     (no shield)
rPois  .         Spirit   .     (no helmet)
rElec  .         Reflect  .     (no cloak)
rCorr  .         Harm     .     (no gloves)
MR     +....                    (no boots)
Stlth  ++........               (no amulet)
                                (no ring)
                                d - ring of protection from magic

@: no status effects
A: no striking features
a: no special abilities


You were on level 2 of the Dungeon.
You were not hungry.

You visited 1 branch of the dungeon, and saw 2 of its levels.

You collected 30 gold pieces.

Inventory:

Armour
 a - a +1 robe (worn)
Jewellery
 d - a ring of protection from magic (left hand)
Scrolls
 h - a scroll of random uselessness {unknown}
Potions
 i - a potion of lignification {unknown}
Books
 b - a book of Flames

   Spells                             Type                      Level
   a - Flame Tongue                   Conjuration/Fire             1
   b - Throw Flame                    Conjuration/Fire             2
   c - Conjure Flame                  Conjuration/Fire             3
   d - Inner Flame                    Hexes/Fire                   3
   e - Sticky Flame                   Conjuration/Fire             4
   f - Fireball                       Conjuration/Fire             5
Comestibles
 c - 3 bread rations
 f - 4 chunks of flesh
 j - a royal jelly


   Skills:
 - Level 2.4 Dodging
 - Level 2.4 Stealth
 + Level 3.5 Spellcasting
 + Level 1.9 Conjurations
 * Level 4.0 Fire Magic


You had 5 spell levels left.
You knew the following spells:

 Your Spells              Type           Power        Failure   Level  Hunger
a - Flame Tongue          Conj/Fire      ###..        4%          1    None
b - Conjure Flame         Conj/Fire      ###.....     14%         3    ###....


Dungeon Overview and Level Annotations

Branches:
Dungeon (2/15)

Altars:

Annotations:
D:2 Robin


Message History

The goblin hits you. Robin throws the goblin at you!
The goblin hits you but does no damage. x2
You hit the goblin.
The goblin is moderately wounded.
The hobgoblin hits you.
* * * LOW HITPOINT WARNING * * *
The goblin misses you. The goblin hits you but does no damage.
As you read the scroll labeled WEL SAC UPPEPS, it crumbles to dust.
It is a scroll of recharging.
You aren't carrying any rechargeable items.
The goblin misses you. The goblin barely misses you.
The hobgoblin closely misses you.
The hobgoblin hits you but does no damage.
The goblin misses you. The goblin hits you.
* * * LOW HITPOINT WARNING * * *
A hobgoblin comes into view. It is wielding a club.
As you read the scroll labeled OLEMUE CICVA, it crumbles to dust.
It is a scroll of enchant armour.
Your +0 robe glows green for a moment.
The goblin hits you.
You die...

....g.# ###. .......
... # ....... ... ..
....... g. ..
.......#)##.#
#......gg...## ....
.....gggg....#
...............g@#
...............gg#
.................####.#
......#...#...........#
..................###.#
.#..................#.#
..........#...........#
).................###.#
##....##..##..........#


You could see Robin, 4 hobgoblins and 6 goblins.

Vanquished Creatures
  An adder (D:2)
  A giant cockroach (D:1)
  5 goblins
  2 jackals (D:1)
  4 bats (D:1)
  3 frilled lizards
  2 kobolds (D:1)
  7 rats (D:1)
25 creatures vanquished.

Notes
Turn   | Place    | Note
-------+----------+-------------------------------------------
     0 | D:1      | Jynx the Deep Elf Fire Elementalist began the quest for the Orb.
     0 | D:1      | Reached XP level 1. HP: 10/10 MP: 6/6
   433 | D:1      | Reached XP level 2. HP: 15/15 MP: 6/8
   975 | D:2      | Reached skill level 4 in Fire Magic
   975 | D:2      | Reached XP level 3. HP: 19/19 MP: 3/10
   997 | D:2      | Learned a level 3 spell: Conjure Flame
  1039 | D:2      | Noticed Robin
  1047 | D:2      | Slain by a goblin

Skill      XL: |  1  2 |
---------------+-------+-----
Fire Magic     | 4 |  4.0
Dodging        | |  2.4
Stealth        | |  2.4
Spellcasting   | |  3.5
Conjurations   | |  1.9

Action                   || total
-------------------------++-------
Melee: Unarmed           ||     2
 Cast: Flame Tongue      ||    40
  Use: Scroll            ||     2
Armor: Robe              ||     8
Dodge: Dodged            ||    18
